 Dungeon Crawl Stone Soup version 0.27-a0-695-gb4952372f7 (webtiles) character file.

Game seed: 4713893339128651909

49 Ajencis the Chiller (level 3, -1/26 HPs)
             Began as a Barachi Ice Elementalist on Mar 22, 2021.
             Slain by a worm (5 damage)
             ... on level 2 of the Dungeon.
             The game lasted 00:02:24 (1293 turns).

Ajencis the Chiller (Barachi Ice Elementalist)      Turns: 1293, Time: 00:02:25

Health: -1/26      AC:  2    Str:  9    XL:     3   Next: 77%
Magic:  0/6        EV: 12    Int: 16    God:
Gold:   19         SH:  0    Dex: 12    Spells: 6/7 levels left

rFire    . . .     SeeInvis .   d - +0 dagger
rCold    . . .     Faith    .   (no shield)
rNeg     . . .     Spirit   .   a - +0 robe
rPois    .         Reflect  .   (no helmet)
rElec    .         Harm     .   (no cloak)
rCorr    .         Rampage  .   (no gloves)
Will     .....                  (no boots)
Stlth    ++........             (no amulet)
HPRegen  0.08/turn              (no ring)
MPRegen  0.10/turn              (no ring)

@: slow
A: +LOS, amphibious, slowness 1, strong legs 1
a: Hop


You were on level 2 of the Dungeon.
You visited 1 branch of the dungeon, and saw 2 of its levels.

You collected 19 gold pieces.

Inventory:

Hand Weapons
 d - a +0 dagger (weapon)
Missiles
 e - 6 curare-tipped darts
Armour
 a - a +0 robe (worn)
Scrolls
 b - a scroll of summoning {unknown}
 f - 2 scrolls of identify {unknown}
 h - a scroll of enchant armour {unknown}
 i - 2 scrolls of enchant weapon {unknown}
 j - a scroll of teleportation {unknown}
Potions
 c - a potion of might {unknown}
 g - 3 potions of curing {unknown}


   Skills:
 + Level 1.1 Fighting
 + Level 0.5 Short Blades
 + Level 1.1 Armour
 + Level 2.5 Dodging
 + Level 2.0 Stealth
 + Level 2.5 Spellcasting
 * Level 5.3 Ice Magic


You had 6 spell levels left.
You knew the following spells:

 Your Spells              Type           Power      Damage    Failure   Level
a - Freeze                Ice            76%        1d9       2%          1

Your spell library contained the following spells:

 Spells                   Type           Power      Damage    Failure   Level
 Frozen Ramparts          Ice            38%        1d5       7%          3
 Ozocubu's Armour         Ice            19%        N/A       7%          3
 Hailstorm                Conj/Ice       10%        3d5       54%         4
 Summon Ice Beast         Ice/Summ       10%        N/A       54%         4


Dungeon Overview and Level Annotations

Branches:
Dungeon (2/15)

Altars:
Wu Jian


Innate Abilities, Weirdness & Mutations

You can be seen from farther away. (+LOS)
You are amphibious.
You cover ground slowly.
You can hop short distances.


Message History

Aiming: Freeze (safe; 2% risk of failure)
Press: ? - help, Shift-Dir - straight line, f/p - orc priest
Aim: an orc priest, wielding a +0 hand axe (severely wounded)
You freeze the orc priest.
The orc priest is almost dead.
The orc priest hits you with a +0 hand axe.
You closely miss the orc priest.
The orc priest is almost dead.
The orc priest closely misses you.
You hit the orc priest.
You kill the orc priest!
Your Fighting skill increases to level 1!
Your Armour skill increases to level 1!
Your Stealth skill increases to level 2!
You have reached level 3!
Your experience leads to an increase in your attributes!
Increase (S)trength, (I)ntelligence, or (D)exterity?
You feel clever.
This spell is quite dangerous to cast!
Memorise Frozen Ramparts, consuming 3 spell levels and leaving 3?
You start memorising the spell.
You continue memorising.
You hear some strange, mumbled words.
A puff of flame appears from out of thin air!
Your memorisation is interrupted.
The puff of flame hits you!
* * * LOW HITPOINT WARNING * * *
Your magical contamination has completely faded away.
You see here a kobold corpse.
Something hits you.
* * * LOW HITPOINT WARNING * * *
Casting: Freeze (safe; 2% risk of failure)
Confirm with . or Enter, or press ? or * to list all spells.
Aiming: Freeze (safe; 2% risk of failure)
Press: ? - help, Shift-Dir - straight line, f - orc
Aim: an orc, wielding a +0 flail You freeze the orc.
The orc is almost dead.
You hit the orc.
You kill the orc!
You hit the worm but do no damage. The worm bites you.
You die...

..................##...#
................)....#
...[.........^.)..#
..............†...#
o............<.)..#
o.................#
....#...........#.# ###
######w######.# #@# .#
#†# .# #.# .. #.# #.#
#.# #$# #.# #..


You could see a worm.

Vanquished Creatures
  An orc priest (D:2)
  An orc (D:2)
  3 bats
  4 hobgoblins (D:1)
  A quokka (D:1)
  3 frilled lizards (D:1)
  8 kobolds
21 creatures vanquished.

Notes
Turn   | Place    | Note
-------+----------+-------------------------------------------
     0 | D:1      | Ajencis the Barachi Ice Elementalist began the quest for
                  | the Orb.
     0 | D:1      | Reached XP level 1. HP: 13/13 MP: 3/3
    11 | D:1      | Found an ornate altar of the Wu Jian Council.
   259 | D:1      | Reached skill level 5 in Ice Magic
   308 | D:1      | Reached XP level 2. HP: 13/20 MP: 1/5
  1287 | D:2      | Reached skill level 1 in Fighting
  1287 | D:2      | Reached skill level 1 in Armour
  1287 | D:2      | Reached XP level 3. HP: 16/26 MP: 0/6
  1293 | D:2      | Slain by a worm

Illustrated notes

Levels and vault maps discovered:
D:1:      dpeg_arrival_water_altar, layout_rooms
D:2:      layout_rooms

Skill      XL: |  1  2 |
---------------+-------+-----
Ice Magic      | 5 |  5.3
Fighting       | 1 |  1.1
Armour         | 1 |  1.1
Stealth        | 2 |  2.0
Short Blades   | |  0.5
Dodging        | |  2.5
Spellcasting   | |  2.5

Action                   || total
-------------------------++-------
Melee: Unarmed           ||     2
       Dagger            ||    12
 Cast: Freeze            ||    28
 Abil: Hop               ||     1
 Stab: Sleeping          ||     1
Armor: Robe              ||     2
Dodge: Dodged            ||    18

Table legend: (Time is in decaauts)
 A = Elapsed time spent in this place.
 B = Non-inter-level travel time spent in this place.
 C = Inter-level travel time spent in this place.
 D = Time resting spent in this place.
 E = Time spent auto-exploring this place.
 F = Levels seen in this place.
 G = Mean time per level.
                   A        B        C        D        E       F      G
               +--------+--------+--------+--------+--------+-----+--------+
         Total |   1382 |   1351 |     31 |    177 |    963 |   2 |  691.0 |
       Dungeon |   1382 |   1351 |     31 |    177 |    963 |   2 |  691.0 |
               +--------+--------+--------+--------+--------+-----+--------+

Top non-repeatable levels by time:
     D:1: 1309 daAuts
     D:2: 72 daAuts
